 Dungeon Crawl Stone Soup version 0.30-a0-800-g7c544603b3 (webtiles) character file.

Game seed: 17080121472366387724

401 Aneyh the Trooper (level 6, -1/44 HPs)
             Began as a Tengu Monk on Feb 22, 2023.
             Killed from afar by Ijyb (9 damage)
             ... with a puff of flame
             ... on level 5 of the Dungeon.
             The game lasted 00:04:35 (3185 turns).

Aneyh the Trooper (Tengu Monk)                      Turns: 3185, Time: 00:04:35

Health: -1/44      AC:  3    Str: 14    XL:     6   Next: 85%
Magic:  7/7        EV: 15    Int: 10    God:
Gold:   635        SH:  0    Dex: 16    Spells: 1/5 levels left

rFire   . . .      SeeInvis .    b - +0 scimitar
rCold   . . .      Faith    .    (no shield)
rNeg    . . .      Spirit   .    k - +0 robe
rPois   +          Reflect  .    (helmet restricted)
rElec   .          Harm     .    (no cloak)
rCorr   .          Rampage  .    h - +0 pair of gloves
Will    .....                    (boots unavailable)
Stlth   +                        (no amulet)
HPRegen 0.27/turn                m - ring of poison resistance
MPRegen 0.10/turn                q - ring of wizardry

@: confused, ambrosia-drunk, flying quickly and evasively, quick
A: beak, talons 3, nimble flight
a: no special abilities


You were on level 5 of the Dungeon.
You visited 1 branch of the dungeon, and saw 5 of its levels.

You collected 635 gold pieces.

Inventory:

Hand Weapons
 a - a +0 spear
 b - a +0 scimitar (weapon)
 n - a +1 short sword of venom
Missiles
 j - 4 poisoned darts (quivered)
Armour
 h - a +0 pair of gloves (worn)
 k - a +0 robe (worn)
 t - a +0 leather armour
Jewellery
 m - a ring of poison resistance (left hand)
 q - a ring of wizardry (right hand)
Wands
 r - a wand of mindburst (11)
 A - a wand of paralysis (7)
Scrolls
 e - 2 scrolls of blinking {unknown}
 i - a scroll of fear {unknown}
 l - 3 scrolls of amnesia {unknown}
 o - 4 scrolls of identify {unknown}
 p - 2 scrolls of teleportation {unknown}
 w - 2 scrolls of vulnerability {unknown}
 x - 2 scrolls of poison {unknown}
 y - a scroll of summoning {unknown}
Potions
 c - a potion of ambrosia
 d - a potion of magic {unknown}
 f - 2 potions of flight {unknown}
 g - 4 potions of heal wounds {unknown}
 s - 2 potions of mutation {unknown}
 u - 2 potions of might {unknown}
 v - a potion of berserk rage {unknown}
 z - 2 potions of lignification {unknown}
 B - 2 potions of curing {unknown}


   Skills:
 + Level 7.1 Fighting
 - Level 3.2 Polearms
 - Level 3.2 Dodging
 - Level 2.0 Stealth
 * Level 2.2 Summonings


You had one spell level left.
You knew the following spells:

 Your Spells              Type           Power      Damage    Failure   Level
a - Summon Ice Beast      Ice/Summ       2%         N/A       65%         4

Your spell library contained the following spells:

 Spells                   Type           Power      Damage    Failure   Level
 Kiss of Death            Conj/Necr      0%         2d5       16%         1
 Cigotuvi's Dreadful Rot  Necr/Pois/Air  0%         N/A       22%         2
 Poisonous Vapours        Pois/Air       0%         N/A       22%         2
 Confusing Touch          Hex            0%         N/A       41%         3
 Frozen Ramparts          Ice            0%         1d1       41%         3
 Mephitic Cloud           Conj/Pois/Air  0%         N/A       41%         3
 Dispel Undead            Necr           0%         3d6       80%         4
 Ice Form                 Ice/Tmut       0%         N/A       80%         4


Dungeon Overview and Level Annotations

Branches:
Dungeon (5/15)
 Temple: D:4-7

Altars:
Wu Jian

Annotations:
D:5 Ijyb


Innate Abilities, Weirdness & Mutations

You have a beak for a mouth.
You have claws for feet.
Your magical nature lets you fly swiftly and evasively.


Message History

No target in view!
Done exploring.
No target in view!
There is a stone staircase leading down here.
You fly downwards.
There is a stone staircase leading up here.
w - 2 scrolls labelled WIZITI FAMUELI (gained 1)
B - 2 fuming inky potions
Found a ring mail.
No target in view!
No target in view!
No target in view!
No target in view!
You see here a +0 ring mail.
Ijyb and a gnoll come into view.
Ijyb is wielding a +0 club and carrying a wand of flame (12).
Ijyb shouts!
You hear a shout!
The gnoll shouts!
You hear a shout! 2 gnolls come into view.
The gnoll shouts!
Something shouts, "Get thee hence, thou jarring hollow-boned whip-jack!"
The gnoll hits you from afar with a +0 halberd!
You barely miss the gnoll. Your kick misses the gnoll.
The gnoll hits you from afar with a +0 halberd!
The gnoll barely misses you. The gnoll misses you.
You are too injured to fight recklessly!
Press: ? - help, v - describe, . - travel
Here: Ijyb, wielding a +0 club, wearing a +0 leather armour and carrying a wand of flame (12)
The floor, spattered with blood.
Okay, then.
You hit Ijyb.
Ijyb is lightly wounded.
Ijyb screams, "I cut your head off!"
Ijyb zaps a wand.
The puff of flame hits you.
Ijyb zaps a wand.
The puff of flame misses you.
Ijyb zaps a wand.
The puff of flame hits you.
Ijyb zaps a wand.
The puff of flame hits you!
* * * LOW HITPOINT WARNING * * *
You are confused.
You feel invigorated.
Ijyb zaps a wand.
The puff of flame hits you!
You die...

#.#.# #[#.#
#.#.# #.#.#
#.#.# #.#.#
#.#.# #.#.#
#@#.# #.#.#
#.#.# #.#.#
#g#.#
########g#.#
.......#g#.#
.......#.#.#
.......#.#.#


You could see Ijyb and 2 gnolls.

Vanquished Creatures
  2 necrophages (D:4)
  A howler monkey (D:4)
  A gnoll (D:4)
  12 adders
  A shadow imp (D:4)
  An ufetubus (D:4)
  2 worms (D:4)
  4 dart slugs
  5 orcs (D:4)
  11 ball pythons
  7 endoplasms
  4 giant cockroaches
  5 goblins
  10 hobgoblins
  A jackal (D:4)
  4 quokkas
  5 bats
  2 frilled lizards
  8 kobolds
  7 rats
93 creatures vanquished.

Notes
Turn   | Place    | Note
-------+----------+-------------------------------------------
     0 | D:1      | Aneyh the Tengu Monk began the quest for the Orb.
     0 | D:1      | Reached XP level 1. HP: 14/14 MP: 2/2
    76 | D:1      | Found a faded altar of an unknown god.
   201 | D:1      | Reached XP level 2. HP: 19/19 MP: 3/3
   242 | D:1      | You fall into a shaft and drop 1 floor!
   442 | D:1      | Reached skill level 4 in Fighting
   470 | D:1      | Reached XP level 3. HP: 24/24 MP: 4/4
  1282 | D:3      | Reached XP level 4. HP: 26/30 MP: 5/5
  1291 | D:3      | Reached skill level 5 in Fighting
  1389 | D:3      | Identified the +2 spear of Wuimin {drain, Fly Dex+4 Stlth+}
  1940 | D:4      | Gained mutation: Your magical nature lets you fly swiftly
                  | and evasively. [Tengu growth]
  1940 | D:4      | Reached XP level 5. HP: 33/36 MP: 6/6
  1987 | D:4      | Reached skill level 6 in Fighting
  2111 | D:4      | Reached skill level 1 in Summonings
  2111 | D:4      | Reached XP level 6. HP: 37/42 MP: 7/7
  2117 | D:4      | Learned a level 4 spell: Summon Ice Beast
  2537 | D:4      | Reached skill level 7 in Fighting
  2644 | D:4      | Found an ornate altar of the Wu Jian Council.
  3113 | D:5      | Entered Level 5 of the Dungeon
  3170 | D:5      | Noticed Ijyb
  3185 | D:5      | Killed from afar by Ijyb

Illustrated notes

Levels and vault maps discovered:
D:1:      psy_arrival_statuary, layout_basic, ebering_ecumenical_altar_abandoned
D:2:      layout_basic, minivault_14
D:3:      layout_basic, nicolae_half_adder
D:4:      minmay_polygon_palace, layout_basic,
          mainiacjoe_overflow_six_doors_small, hangedman_minor_gate_pass
D:5:      layout_basic, serial_shops, shop, uniq_duvessa, uniq_ijyb,
          uniq_eustachio, uniq_sigmund, uniq_blork_the_orc

Skill      XL: |  1  2  3  4  5  6 |
---------------+-------------------+-----
Fighting       | 4 5 6 7 |  7.1
Summonings     | 1 2 |  2.2
Polearms       | |  3.2
Dodging        | |  3.2
Stealth        | |  2.0

Action                     |  1- 3 |  4- 6 || total
---------------------------+-------+-------++-------
  Melee: Spear             |    77 |       ||    77
         Kick              |    15 |    37 ||    52
         Peck              |     8 |    14 ||    22
         Scimitar          |    33 |   129 ||   162
         Punch             |     1 |       ||     1
    Use: Potion            |       |     1 ||     1
   Stab: Sleeping          |     8 |     2 ||    10
 Armour: Robe              |    19 |    25 ||    44
  Dodge: Dodged            |    61 |   121 ||   182

Table legend: (Time is in decaauts)
 A = Elapsed time spent in this place.
 B = Non-inter-level travel time spent in this place.
 C = Inter-level travel time spent in this place.
 D = Time resting spent in this place.
 E = Time spent auto-exploring this place.
 F = Levels seen in this place.
 G = Mean time per level.
                   A        B        C        D        E       F      G
               +--------+--------+--------+--------+--------+-----+--------+
         Total |   3163 |   3114 |     49 |    156 |   2278 |   5 |  632.6 |
       Dungeon |   3163 |   3114 |     49 |    156 |   2278 |   5 |  632.6 |
               +--------+--------+--------+--------+--------+-----+--------+

Top non-repeatable levels by time:
     D:4: 1208 daAuts
     D:3: 708 daAuts
     D:1: 668 daAuts
     D:2: 513 daAuts
     D:5: 65 daAuts
